 Dungeon Crawl Stone Soup version 0.25-a0-566-g062765be81 (webtiles) character file.

Game seed: 1024868733146998557, levelgen mode: deterministic

4 kae the Sneak (level 1, 0/10 HPs)
             Began as a Kobold Enchanter on Feb 28, 2020.
             Slain by a leopard gecko (4 damage)
             ... on level 1 of the Dungeon.
             The game lasted 00:00:13 (156 turns).

kae the Sneak (Kobold Enchanter)                     Turns: 156, Time: 00:00:14

Health: 0/10       AC:  2    Str:  5    XL:     1   Next: 77%
Magic:  2/3        EV: 15    Int: 16    God:
Gold:   14         SH:  0    Dex: 15    Spells: 3/4 levels left

rFire    . . .     SeeInvis .   a - +1 dagger
rCold    . . .     Gourm    .   (shield restricted)
rNeg     . . .     Faith    .   b - +0 robe
rPois    .         Spirit   .   (no helmet)
rElec    .         Reflect  .   (no cloak)
rCorr    .         Harm     .   (no gloves)
MR       .....                  (no boots)
Stlth    +++.......             (no amulet)
HPRegen  0.03/turn              (no ring)
MPRegen  0.08/turn              (no ring)

@: no status effects
A: small, carnivore
a: no special abilities


You were on level 1 of the Dungeon.
You were not hungry.

You visited 1 branch of the dungeon, and saw 1 of its levels.

You collected 14 gold pieces.

Inventory:

Hand Weapons
 a - a +1 dagger (weapon)
Armour
 b - a +0 robe (worn)
Jewellery
 e - an uncursed ring of ice {unknown}
 f - a +5 ring of dexterity {unknown}
 g - a cursed ring of teleportation {unknown}
 i - an uncursed amulet of harm {unknown}
Potions
 c - a potion of degeneration {unknown}
 h - a potion of might {unknown}
Comestibles
 d - a ration


   Skills:
 + Level 0.1 Fighting
 * Level 1.7 Short Blades
 + Level 2.4 Dodging
 + Level 4.1 Stealth
 + Level 2.2 Spellcasting
 + Level 3.0 Hexes


You had 3 spell levels left.
You knew the following spells:

 Your Spells              Type           Power        Failure   Level  Hunger
a - Corona                Hex            ##.....      6%          1    #......

Your spell library contained the following spells:

 Spells                   Type           Power        Failure   Level  Hunger
 Ensorcelled Hibernation  Hex/Ice        #.....       16%         2    ###....
 Confusing Touch          Hex            ##......     17%         3    ###....
 Tukima's Dance           Hex            ##......     17%         3    ###....
 Dazzling Flash           Conj/Hex       #.....       32%         3    ###....


Dungeon Overview and Level Annotations

Branches:
Dungeon (1/15)

Altars:


Innate Abilities, Weirdness & Mutations

You are small and have problems with some larger weapons.
You are carnivorous and can eat meat at any time.


Message History

You barely miss the hobgoblin. The hobgoblin closely misses you.
You hit the hobgoblin but do no damage. The hobgoblin hits you.
You miss the leopard gecko. The leopard gecko misses you.
The hobgoblin barely misses you.
You miss the leopard gecko.
The leopard gecko completely misses you.
The hobgoblin barely misses you. The leopard gecko barely misses you.
You barely miss the leopard gecko. The hobgoblin barely misses you.
The leopard gecko closely misses you.
You hit the leopard gecko but do no damage.
The hobgoblin completely misses you. The leopard gecko closely misses you.
You barely miss the leopard gecko. The leopard gecko bites you.
The hobgoblin completely misses you.
You are too injured to fight recklessly!
You are too injured to fight recklessly!
You are too injured to fight recklessly!
The leopard gecko closely misses you. The hobgoblin barely misses you.
The leopard gecko closely misses you.
The hobgoblin stops glowing.
The leopard gecko bites you.
You die...

##........# .....
#........# #.....
##........#####.....
.......†............
######'######.....
......)...........
##+#...###.##.##.# #
.)....## #....##[#.# #
.....(# ####.##@#.###.#
......### #..##l#......
......+.####..#gs...#
......#.##....#(..#.#...
......#.##.#............
......#....#...#..#..#..
..)............#.##.....
.......#####...... ....
###'##.# #.#..#.# ....


You could see a leopard gecko, a giant cockroach and a hobgoblin.

Vanquished Creatures
  A goblin (D:1)
  A hobgoblin (D:1)
  A kobold (D:1)
  A frilled lizard (D:1)
4 creatures vanquished.

Notes
Turn   | Place    | Note
-------+----------+-------------------------------------------
     0 | D:1      | kae the Kobold Enchanter began the quest for the Orb.
     0 | D:1      | Reached XP level 1. HP: 10/10 MP: 3/3
   156 | D:1      | Slain by a leopard gecko

Levels and vault maps discovered:
D:1:      dpeg_arrival_brainrot, layout_basic

Action                   || total
-------------------------++-------
Melee: Dagger            ||    11
 Cast: Corona            ||     2
 Stab: Sleeping          ||     3
Dodge: Dodged            ||    14

Table legend:
 A = Non-vault XP
 B = Vault XP
 C = Vault XP percentage of total XP
 D = Non-vault monster count
 E = Vault monster count
 F = Vault count percentage of total count
                 A         B        C        D         E       F
            +---------+---------+-------+---------+---------+-------
      Total |       7 |       0 |   0.0 |       4 |       0 |   0.0
            +---------+---------+-------+---------+---------+-------
        D:1 |       7 |       0 |   0.0 |       4 |       0 |   0.0
            +---------+---------+-------+---------+---------+-------
